Cogmind - Beta 13 @@@ ROGUE MODE // 2024.04.02 @ 16:58:08 Player: Bulbasornado Result: Self-destructed Performance ------------- Evolutions (5) 2500 Regions Visited (13) 2600 Robots Destroyed (210) 1050 Value Destroyed (6105) 6105 Prototype IDs (15) 300 Alien Tech Used (0) 0 Bonus (1569) 1569 TOTAL SCORE: 14124 Bonus ------- High Alert Combat Kills 849 Follower Combat Kills 20 Entered Garrisons 400 Acquired ECA 300 Cogmind --------- Core Integrity 881/1000 Matter 286/300 Energy 88/280 System Corruption 0% Temperature Hot (229) Movement Flying (32) Location -5/Garrison Parts ------- > --- POWER (1) -------- Cooled Ion Engine > --- PROPULSION (3) --- Cooled Cesium-ion Thruster Cooled Cesium-ion Thruster > --- UTILITY (10) ----- Advanced Weight Redist. System Improved Signal Interpreter Advanced Targeting Computer Advanced Targeting Computer Advanced Targeting Computer Core Analyzer Core Analyzer Core Analyzer Kinecellerator Improved Weapon Cycler > --- WEAPON (3) ------- Gauss Rifle > --- INVENTORY (5) ---- Cooled Cesium-ion Thruster Cooled Cesium-ion Thruster Improved Reaction Control System Improved Shield Generator Plasma Rifle Peak State ------------ > --- POWER ------------ Cooled Ion Engine > --- PROPULSION ------- Antigrav System Linear Gravjet Linear Gravjet > --- UTILITY ---------- Advanced Targeting Computer Advanced Targeting Computer Advanced Targeting Computer Core Analyzer Core Analyzer Core Analyzer Improved Weapon Cycler Improved Reaction Control System Improved Light Armor Plating Improved Shield Generator > --- WEAPON ----------- Gatling Laser Minigun Precision Assault Rifle > --- INVENTORY -------- Makeshift Hover Unit Linear Gravjet Improved Signal Interpreter Encrypted Comm Array Coil Gun [Rating: 74] Favorites ----------- Power Cooled Ion Engine Engine Cooled Ion Engine Power Core Nuclear Core Propulsion Armored Wheel Wheel Armored Wheel Hover Unit Linear Gravjet Flight Unit Cooled Cesium-ion Thruster Utility Core Analyzer Device Shield Generator Storage Large Storage Unit Processor Core Analyzer Hackware Hacking Suite Protection Light Armor Plating Weapon Improved Assault Rifle Energy Gun Gatling Laser Energy Cannon EM Pulse Cannon Ballistic Gun Improved Assault Rifle Launcher Rocket Launcher Build | -11 -10 -9 -9 -9 -8 -8 -7 -7 -6 -6 -6 -5 -5 ------- Run | Yrd Mat Mat Min Exi Min Mat Fac Gar Fac Low Low Fac Gar Slots Evolved 10 | . . 2 . . . 2 2 . 2 . . 2 . Power . | . . . . . . . . . . . . . . Propulsion 1 | . . 1 . . . . . . . . . . . Utility 8 | . . 1 . . . 1 2 . 2 . . 2 . Weapon 1 | . . . . . . 1 . . . . . . . Parts Attached 169 | 9 5 39 1 3 5 34 38 3 4 3 2 19 4 Power 12 | 1 . 4 . . . 3 2 . . . . 2 . Engine 10 | 1 . 4 . . . 1 2 . . . . 2 . Core 2 | . . . . . . 2 . . . . . . . Reactor . | . . . . . . . . . . . . . . Propulsion 31 | 3 2 9 . . . 3 6 2 . . . 6 . Treads . | . . . . . . . . . . . . . . Leg . | . . . . . . . . . . . . . . Wheel 19 | 3 2 9 . . . 3 2 . . . . . . Hover 9 | . . . . . . . 4 2 . . . 3 . Flight 3 | . . . . . . . . . . . . 3 . Utility 86 | 3 2 20 1 . 3 14 23 1 4 3 2 8 2 Device 36 | 2 . 5 1 . 1 5 6 . 4 3 2 5 2 Storage 8 | 1 2 2 . . . 2 . . . . . 1 . Processor 15 | . . 4 . . . 3 6 . . . . 2 . Hackware 4 | . . . . . . . 4 . . . . . . Protection 23 | . . 9 . . 2 4 7 1 . . . . . Artifact . | . . . . . . . . . . . . . . Weapon 40 | 2 1 6 . 3 2 14 7 . . . . 3 2 Energy Gun 7 | 1 1 . . . . 2 2 . . . . . 1 Energy Cannon 12 | . . 3 . 1 1 6 1 . . . . . . Ballistic Gun 17 | 1 . 3 . 1 . 4 4 . . . . 3 1 Ballistic Cannon . | . . . . . . . . . . . . . . Launcher 4 | . . . . 1 1 2 . . . . . . . Special Weapon . | . . . . . . . . . . . . . . Impact Weapon . | . . . . . . . . . . . . . . Slashing Weapon . | . . . . . . . . . . . . . . Piercing Weapon . | . . . . . . . . . . . . . . Special Melee Weapon . | . . . . . . . . . . . . . . Unidentified Prototypes 5 | . . 1 . . . 2 1 . . . . 1 . Parts Lost 13 | . . . . . 1 6 2 1 . . . . 3 Power . | . . . . . . . . . . . . . . Propulsion 2 | . . . . . . . . 1 . . . . 1 Utility 3 | . . . . . . 2 1 . . . . . . Weapon 8 | . . . . . 1 4 1 . . . . . 2 Highest Loss Streak 2 | . . . . . 1 2 1 1 . . . . 2 To Critical Strikes . | . . . . . . . . . . . . . . Average Slot Usage (%) 99 | . 100 99 100 100 99 99 98 99 99 100 100 97 99 Engine 7 | . 14 11 11 11 11 5 6 7 6 6 6 4 5 Wheel 20 | . 28 33 33 33 33 27 9 . . . . . . Hover 5 | . . . . . . . 12 22 20 20 20 10 . Device 9 | . 3 10 8 11 11 9 5 . 12 13 13 15 16 Storage 7 | . 24 12 11 11 11 9 3 . . . . 1 . Processor 11 | . . 1 2 . . . 20 38 33 33 33 36 41 Hackware 1 | . . . . . . . 6 . . . . . . Protection 9 | . . 7 11 11 11 16 9 6 6 6 6 3 . Energy Gun 2 | . 22 2 . . . . 2 7 6 6 6 5 1 Energy Cannon 5 | . . 6 11 10 10 10 3 . . . . . . Ballistic Gun 14 | . 5 13 11 11 11 15 16 15 13 13 13 9 15 Naked Turns . | . . . . . . . . . . . . . . Heaviest Build 54 | 15 24 40 40 40 44 54 52 22 27 27 27 31 31 Greatest Support 36 | 20 24 36 36 36 36 36 36 27 27 27 27 29 27 Greatest Overweight (x) 9 | 1 1 1 1 1 1 1 8 1 8 . . 9 2 Average Overweight (x) . | . . . 1 1 1 1 . . . . . . . Largest Inventory Capacity 15 | 8 10 15 15 15 15 15 15 5 5 5 5 10 10 Average Capacity 11 | 7 8 14 15 15 15 15 9 5 5 5 5 6 5 Most Carried 15 | 8 10 15 15 14 15 15 15 5 5 5 5 10 10 Average Carried 11 | 6 8 14 14 14 14 14 9 4 3 4 5 5 4 Final Capacity 15 | 8 10 15 15 15 15 15 5 5 5 5 5 10 5 Final Carried 15 | 8 10 15 14 14 15 15 5 4 5 5 5 10 5 Class Distribution -------------------- 38% | Mutant 27% | Tank 24% | Sprinter 5% | Gunner 3% | Hacker-Gunner Dominant Class ---------------- Mutant | -10/Materials Mutant | -9/Materials Mutant | -9/Mines Mutant | -9/Exiles Mutant | -8/Mines Tank | -8/Materials Sprinter | -7/Factory Sprinter | -7/Garrison Sprinter | -6/Factory Sprinter | -6/Lower Caves Sprinter | -6/Lower Caves Gunner | -5/Factory Sprinter | -5/Garrison Resources | -11 -10 -9 -9 -9 -8 -8 -7 -7 -6 -6 -6 -5 -5 ----------- Run | Yrd Mat Mat Min Exi Min Mat Fac Gar Fac Low Low Fac Gar Matter Collected 4225 | 385 30 898 107 . 180 954 723 217 . 124 . 370 237 Remotely . | . . . . . . . . . . . . . . Salvage Created 8073 | 216 209 2033 115 . 164 2079 1197 571 . 256 . 837 396 Parts 474 | 17 19 141 7 . 4 122 70 29 . 14 . 33 18 Haulers Intercepted 18 | . 1 6 . . . 6 3 . . . . 2 . Recyclers Shooed 5 | . . 1 . . . 1 1 . . . . 2 . Parts Field Recycled . | . . . . . . . . . . . . . . Retrieved Matter . | . . . . . . . . . . . . . . Parts Self-Destructed 14 | . . . . . . . . . . 14 . . . Prevented . | . . . . . . . . . . . . . . Kills | -11 -10 -9 -9 -9 -8 -8 -7 -7 -6 -6 -6 -5 -5 ------- Run | Yrd Mat Mat Min Exi Min Mat Fac Gar Fac Low Low Fac Gar Combat Hostiles Destroyed 125 | . 2 33 2 . 5 35 14 16 . 5 . 6 7 Guns 73 | . 2 19 . . 3 2 13 16 . 5 . 6 7 Cannons 35 | . . 14 2 . . 18 1 . . . . . . AOE 17 | . . . . . 2 15 . . . . . . . Classes Destroyed 18 | 3 5 3 . . . 2 3 . . 1 . . 1 Worker 20 | 2 . 7 . . . 3 6 . . . . 2 . Builder 10 | . 1 2 . . . 3 2 . . . . 2 . Tunneler 9 | 5 1 1 1 . . 1 . . . . . . . Hauler 18 | . 1 6 . . . 6 3 . . . . 2 . Recycler 11 | 1 . 2 . . . 3 2 . . . . 3 . Operator 5 | . 1 2 . . . 1 1 . . . . . . Watcher 12 | . 1 4 . . . 4 2 . . . . 1 . Swarmer 34 | . . 12 . . 2 7 . 9 . . . 4 . Cutter 3 | . . . . . . . 2 . . . . . 1 Grunt 50 | . 2 11 2 . 3 16 6 3 . 2 . . 5 Brawler 3 | . . 1 . . . 2 . . . . . . . Duelist 1 | . . . . . . . . . . 1 . . . Sentry 19 | . . 9 . . . 7 2 1 . . . . . Specialist 2 | . . . . . . 2 . . . . . . . Hunter 6 | . . . . . . . 1 3 . . . 2 . Programmer 5 | . . . . . . . 3 . . 2 . . . Heavy 1 | . . . . . . 1 . . . . . . . Behemoth 1 | . . . . . . . . . . . . . 1 Best Kill Streak 15 | 6 6 6 2 . 3 15 6 4 . 2 . 15 7 Combat Bots Only 14 | . 2 6 2 . 3 14 3 4 . 2 . 4 7 Max Kills in Single Turn 8 | 1 2 1 1 . 1 8 2 2 . 1 . 2 2 Gunslinging 1 | . 1 . . . . . . 1 . . . . 1 Exploded 8 | . . . . . 1 8 . . . . . . . Melee . | . . . . . . . . . . . . . . Uniques/NPCs Destroyed . | . . . . . . . . . . . . . . Combat | -11 -10 -9 -9 -9 -8 -8 -7 -7 -6 -6 -6 -5 -5 -------- Run | Yrd Mat Mat Min Exi Min Mat Fac Gar Fac Low Low Fac Gar Hostile Shots Fired 394 | . 1 91 7 . 23 96 57 47 . 6 . 28 38 Missed 130 | . 1 21 4 . 5 27 28 16 . 1 . 11 16 Damage Taken 3532 | 6 . 692 29 . 214 1056 579 428 . 73 . 183 272 Core 540 | . . 87 9 . . 95 139 72 . 19 . 62 57 Absorbed by Shields 732 | . . 197 11 . 81 292 118 . . 13 . 20 . Redirected to Shielding 4 | . . . . . . 4 . . . . . . . Ignored by Resistances 4 | . . . . . . . 4 . . . . . . Regen/Repaired (Parts) 206 | . . 11 . . . . 195 . . . . . . Core Remaining (%) 87 | 100 100 . . . 76 82 . 69 . . 97 . . Volleys Fired 409 | 13 13 131 6 1 15 100 47 27 . 8 . 26 22 Largest 3 | 1 2 2 2 1 2 3 3 3 . 3 . 3 3 Hottest 149 | 40 80 80 79 33 79 149 133 133 . 133 . 135 138 Shots Fired 947 | 13 23 262 12 1 26 252 134 73 . 24 . 64 63 Gun 739 | 13 23 201 6 . 14 143 115 73 . 24 . 64 63 Cannon 191 | . . 61 6 . 10 95 19 . . . . . . Launcher 17 | . . . . 1 2 14 . . . . . . . Special . | . . . . . . . . . . . . . . Kinetic 609 | . . 189 6 . 14 143 99 48 . 16 . 41 53 Thermal 101 | . . . . . . . 35 25 . 8 . 23 10 Explosive 17 | . . . . 1 2 14 . . . . . . . Electromagnetic 220 | 13 23 73 6 . 10 95 . . . . . . . Robot Hit Streak 34 | 7 9 16 11 . 13 22 14 10 . 14 . 34 21 Robot Miss Streak 5 | 1 3 5 . . 2 5 4 3 . 3 . 3 1 Penetration Max 1 | . . . . . . . . . . . . 1 1 Secondary Targets 7 | . 1 1 . . . . 1 2 . . . . 2 Max Gunslinging Chain 2 | . 1 1 . . . . 1 2 . . . . 1 Shots Hit Robots 599 | 11 15 157 10 . 15 139 87 45 . 21 . 44 55 Core Hits 367 | 7 7 71 4 . 11 91 54 41 . 15 . 40 26 Critical Kills 1 | . . . . . . . 1 . . . . . . Critical Parts Destroyed 1 | . . . . . . . . . . . . . 1 Critical Strikes 6 | . . 3 . . . 1 1 . . . . . 1 Destroy 2 | . . . . . . . 1 . . . . . 1 Corrupt 4 | . . 3 . . . 1 . . . . . . . Melee Attacks . | . . . . . . . . . . . . . . Impact . | . . . . . . . . . . . . . . Slashing . | . . . . . . . . . . . . . . Piercing . | . . . . . . . . . . . . . . Sneak Attacks . | . . . . . . . . . . . . . . Combat Hostiles . | . . . . . . . . . . . . . . Follow-up Attacks . | . . . . . . . . . . . . . . Damage Inflicted 14086 | 222 252 2922 199 . 461 4756 1661 891 . 432 . 1064 1226 Guns 8305 | 141 214 1697 60 . 164 1092 1324 891 . 432 . 1064 1226 Cannons 3450 | . . 1039 139 . 91 1844 337 . . . . . . Explosions 2331 | 81 38 186 . . 206 1820 . . . . . . . Melee . | . . . . . . . . . . . . . . Ramming . | . . . . . . . . . . . . . . Kinetic 6044 | . . 1592 60 . 164 1092 966 401 . 262 . 497 1010 Thermal 2490 | 81 38 186 . . . 47 695 490 . 170 . 567 216 Explosive 1979 | . . . . . 206 1773 . . . . . . . Electromagnetic 3573 | 141 214 1144 139 . 91 1844 . . . . . . . Impact . | . . . . . . . . . . . . . . Slashing . | . . . . . . . . . . . . . . Piercing . | . . . . . . . . . . . . . . Highest Corruption 3 | . . 1 1 1 1 . 2 1 3 . . . . Average Corruption 1 | . . 1 1 1 1 . 1 1 1 . . . . Corruption Purged 7 | . . . . . . . 3 1 3 . . . . Corruption Blocked . | . . . . . . . . . . . . . . Effects 18 | . . 1 4 4 2 . 6 . 1 . . . . Message Errors 5 | . . 1 2 1 . . 1 . . . . . . Matter Fused 5 | . . . 1 3 . . 1 . . . . . . Heat Flow Errors 3 | . . . . . . . 2 . 1 . . . . Parts Fused 1 | . . . . . 1 . . . . . . . . Data Loss (minor) 2 | . . . 1 . . . 1 . . . . . . Data Loss (major) 1 | . . . . . . . 1 . . . . . . Misfires 1 | . . . . . 1 . . . . . . . . Overload Shots . | . . . . . . . . . . . . . . Overflow Damage 151 | 18 18 58 3 . 13 41 . . . . . . . Projectiles 81 | . . 55 3 . 13 10 . . . . . . . Explosions 70 | 18 18 3 . . . 31 . . . . . . . Melee . | . . . . . . . . . . . . . . Knockbacks . | . . . . . . . . . . . . . . Impact . | . . . . . . . . . . . . . . Kinetic . | . . . . . . . . . . . . . . Secondary . | . . . . . . . . . . . . . . Self-Inflicted Damage 200 | 6 . 54 . . 43 97 . . . . . . . Shots 9 | 1 . 2 . . 2 4 . . . . . . . Rammed . | . . . . . . . . . . . . . . Targets Rammed . | . . . . . . . . . . . . . . Kicked . | . . . . . . . . . . . . . . Crushed . | . . . . . . . . . . . . . . Highest Temperature 354 | 12 74 72 76 . 60 354 250 241 200 198 . 230 261 Average Temperature 64 | 12 30 22 36 . 26 99 45 72 131 58 . 87 97 Received Heat Transfer 859 | . . 200 16 . 84 358 45 33 . 42 . . 81 Effects 3 | . . . . . . 3 . . . . . . . Interference 2 | . . . . . . 2 . . . . . . . Matter Decay 1 | . . . . . . 1 . . . . . . . Siege Activations . | . . . . . . . . . . . . . . Robots Corrupted . | . . . . . . . . . . . . . . Combat Hostiles . | . . . . . . . . . . . . . . Parts Fried 20 | 1 . 6 . . . 13 . . . . . . . Impact Corruptions . | . . . . . . . . . . . . . . Robots Melted . | . . . . . . . . . . . . . . Combat Hostiles . | . . . . . . . . . . . . . . Parts Melted 9 | . . . . . . . 5 1 . 1 . 1 1 Heat Transferred 4618 | 50 50 150 . . . 50 1256 1057 . 375 . 1275 355 Parts Sabotaged . | . . . . . . . . . . . . . . Parts Stolen . | . . . . . . . . . . . . . . Parts Stripped . | . . . . . . . . . . . . . . Power Chain Reactions 8 | 2 1 4 . . . 1 . . . . . . . Alert | -11 -10 -9 -9 -9 -8 -8 -7 -7 -6 -6 -6 -5 -5 ------- Run | Yrd Mat Mat Min Exi Min Mat Fac Gar Fac Low Low Fac Gar Peak Influence 1005 | 40 158 778 331 . 142 791 595 1005 527 . . 369 511 Initial 527 | . 26 66 276 . . 55 359 416 527 . . 233 261 Average 404 | 20 82 489 314 . 71 403 419 632 527 . . 207 350 Maximum Alert Level 3 | . . 3 1 . . 3 2 3 2 . . 1 2 Low Security (%) 23 | 100 100 12 . . 100 38 . . . . . 47 . Level 1 31 | . . 21 100 . . 20 61 . . . . 52 70 Level 2 26 | . . 39 . . . 5 38 62 100 . . . 29 Level 3 18 | . . 26 . . . 36 . 37 . . . . . Level 4 . | . . . . . . . . . . . . . . Level 5 . | . . . . . . . . . . . . . . High Security . | . . . . . . . . . . . . . . Max Security . | . . . . . . . . . . . . . . Squads Dispatched 19 | . 1 5 . . . 4 7 . . . . 2 . Investigation 2 | . . 2 . . . . . . . . . . . Extermination 2 | . . . . . . . 2 . . . . . . Reinforcement 12 | . 1 3 . . . 4 2 . . . . 2 . Assault . | . . . . . . . . . . . . . . Garrison 3 | . . . . . . . 3 . . . . . . Intercept . | . . . . . . . . . . . . . . Searches Triggered . | . . . . . . . . . . . . . . Construction Impeded 2 | . . . . . . 1 . . . . . 1 . Haulers Reinforced 1 | . . . . . . . . . . . . 1 . Active Scanning Responses . | . . . . . . . . . . . . . . Cargo Convoy Interrupts . | . . . . . . . . . . . . . . Stealth | -11 -10 -9 -9 -9 -8 -8 -7 -7 -6 -6 -6 -5 -5 --------- Run | Yrd Mat Mat Min Exi Min Mat Fac Gar Fac Low Low Fac Gar Distress Signals 11 | . . 4 . . . 4 . . . . . 3 . Communications Jammed . | . . . . . . . . . . . . . . Distress Signals . | . . . . . . . . . . . . . . Times Spotted 185 | . 6 55 2 . 7 42 22 19 . 4 . 14 14 Peak Tracking Total 11 | . 2 5 2 . 4 9 4 5 . 3 . 7 11 Tactical Retreats 12 | . . 3 . . 1 4 . 3 . . . . 1 Traps | -11 -10 -9 -9 -9 -8 -8 -7 -7 -6 -6 -6 -5 -5 ------- Run | Yrd Mat Mat Min Exi Min Mat Fac Gar Fac Low Low Fac Gar Traps Triggered 16 | . . 5 . . . . 3 4 1 . . . 3 Indirectly . | . . . . . . . . . . . . . . Trap Hack Attempts . | . . . . . . . . . . . . . . Triggered . | . . . . . . . . . . . . . . Disarmed . | . . . . . . . . . . . . . . Reprogrammed . | . . . . . . . . . . . . . . Reused . | . . . . . . . . . . . . . . Traps Extracted . | . . . . . . . . . . . . . . Installed . | . . . . . . . . . . . . . . Triggered . | . . . . . . . . . . . . . . Machines | -11 -10 -9 -9 -9 -8 -8 -7 -7 -6 -6 -6 -5 -5 ---------- Run | Yrd Mat Mat Min Exi Min Mat Fac Gar Fac Low Low Fac Gar Machines Disabled 12 | . . 2 . . . 5 2 2 . . . . 1 Max in Single Turn 2 | . . 1 . . . 2 1 1 . . . . 1 Garrison Relay 3 | . . . . . . . . 2 . . . . 1 Machines Repaired . | . . . . . . . . . . . . . . Machines Dismantled . | . . . . . . . . . . . . . . Machines Sabotaged . | . . . . . . . . . . . . . . Overloaded Fab Kills . | . . . . . . . . . . . . . . Hacking | -11 -10 -9 -9 -9 -8 -8 -7 -7 -6 -6 -6 -5 -5 --------- Run | Yrd Mat Mat Min Exi Min Mat Fac Gar Fac Low Low Fac Gar Machines Accessed 58 | . 4 12 . 4 . 13 15 3 1 . . 6 . Terminals 34 | . 2 8 . . . 8 9 3 . . . 4 . Fabricators . | . . . . . . . . . . . . . . Repair Stations 7 | . . 2 . . . 1 4 . . . . . . Recycling Units 8 | . 2 1 . . . 2 1 . 1 . . 1 . Scanalyzers 3 | . . 1 . . . 2 . . . . . . . Garrison Access 2 | . . . . . . . 1 . . . . 1 . Total Hacks 126 | . 10 31 . 4 . 30 30 6 2 . . 13 . Successful 51 | . 2 17 . 4 . 12 11 1 1 . . 3 . Failed 75 | . 8 14 . . . 18 19 5 1 . . 10 . Catastrophic 16 | . 1 5 . . . 3 3 3 1 . . . . Database Lockouts . | . . . . . . . . . . . . . . Manual 25 | . . 15 . . . 6 1 . . . . 3 . Terminals 77 | . 5 23 . . . 17 16 6 . . . 10 . Fabricators . | . . . . . . . . . . . . . . Repair Stations 18 | . . 5 . . . 1 12 . . . . . . Recycling Units 16 | . 5 1 . . . 5 1 . 2 . . 2 . Scanalyzers 9 | . . 2 . . . 7 . . . . . . . Garrison Access 2 | . . . . . . . 1 . . . . 1 . Terminal Hacks 23 | . 2 10 . 4 . 3 1 1 . . . 2 . Record 5 | . . . . 4 . 1 . . . . . . . Robot Analysis 1 | . . . . . . 1 . . . . . . . Prototype ID Bank 5 | . 1 4 . . . . . . . . . . . Open Door 1 | . . . . . . . . 1 . . . . . Open DSF 1 | . . . . . . . 1 . . . . . . Recycling Unit Index 1 | . . 1 . . . . . . . . . . . Alert Level 2 | . . 2 . . . . . . . . . . . Unreport Threat 3 | . . 2 . . . . . . . . . 1 . Locate Traps 4 | . 1 1 . . . 1 . . . . . 1 . Fabricator Hacks . | . . . . . . . . . . . . . . Repair Station Hacks 13 | . . 4 . . . . 9 . . . . . . Scan Component 8 | . . 3 . . . . 5 . . . . . . Repair 5 | . . 1 . . . . 4 . . . . . . Recycling Unit Hacks 5 | . . 1 . . . 3 . . 1 . . . . Report Inventory 2 | . . 1 . . . 1 . . . . . . . Retrieve Components 3 | . . . . . . 2 . . 1 . . . . Scanalyzer 8 | . . 2 . . . 6 . . . . . . . Insert Component 4 | . . 1 . . . 3 . . . . . . . Analyze 4 | . . 1 . . . 3 . . . . . . . Garrison Access Hacks 2 | . . . . . . . 1 . . . . 1 . Unlock Access 2 | . . . . . . . 1 . . . . 1 . Unauthorized Hacks . | . . . . . . . . . . . . . . Terminals . | . . . . . . . . . . . . . . Fabricators . | . . . . . . . . . . . . . . Repair Stations . | . . . . . . . . . . . . . . Recycling Units . | . . . . . . . . . . . . . . Scanalyzers . | . . . . . . . . . . . . . . Garrison Access . | . . . . . . . . . . . . . . Data Cores Recovered . | . . . . . . . . . . . . . . Used . | . . . . . . . . . . . . . . Hacking Detections 49 | . 4 10 . . . 13 14 2 1 . . 5 . Full Trace Events 2 | . 1 1 . . . . . . . . . . . Feedback Events . | . . . . . . . . . . . . . . Feedback Blocked . | . . . . . . . . . . . . . . Robot Schematics Acquired . | . . . . . . . . . . . . . . Robots Built . | . . . . . . . . . . . . . . Authchips . | . . . . . . . . . . . . . . Time . | . . . . . . . . . . . . . . Total Robot Build Rating . | . . . . . . . . . . . . . . Part Schematics Acquired 3 | . . 1 . . . 2 . . . . . . . Parts Built . | . . . . . . . . . . . . . . Authchips . | . . . . . . . . . . . . . . Time . | . . . . . . . . . . . . . . Total Part Build Rating . | . . . . . . . . . . . . . . Parts Repaired 5 | . . 1 . . . . 4 . . . . . . Time 126 | . . 32 . . . . 94 . . . . . . Parts Recycled . | . . . . . . . . . . . . . . Recycled Matter . | . . . . . . . . . . . . . . Retrieved Matter . | . . . . . . . . . . . . . . Retrieved Components 11 | . . . . . . 10 . . 1 . . . . Parts Scanalyzed 3 | . . 1 . . . 2 . . . . . . . Part Schematics Acquired 3 | . . 1 . . . 2 . . . . . . . Parts Damaged . | . . . . . . . . . . . . . . Bothacking | -11 -10 -9 -9 -9 -8 -8 -7 -7 -6 -6 -6 -5 -5 ------------ Run | Yrd Mat Mat Min Exi Min Mat Fac Gar Fac Low Low Fac Gar Used RIF Installer . | . . . . . . . . . . . . . . Robots Hacked . | . . . . . . . . . . . . . . Non-combat . | . . . . . . . . . . . . . . Combat . | . . . . . . . . . . . . . . Robot Hacks Applied . | . . . . . . . . . . . . . . Relay Couplers Released 14 | . . . . . . . . 10 . . . . 4 Machine Destruction 14 | . . . . . . . . 10 . . . . 4 Fabnet Peak Effective % . | . . . . . . . . . . . . . . Robots Rewired . | . . . . . . . . . . . . . . Allies Hacked . | . . . . . . . . . . . . . . Hacks Repelled . | . . . . . . . . . . . . . . Allies | -11 -10 -9 -9 -9 -8 -8 -7 -7 -6 -6 -6 -5 -5 -------- Run | Yrd Mat Mat Min Exi Min Mat Fac Gar Fac Low Low Fac Gar Total Allies 1 | . . . . . . . . 1 . . . . . Largest Group 1 | . . . . . . . . 1 . . . . . Highest-Rated Group 31 | . . . . . . . . 31 . . . . . Highest-Rated Ally 31 | . . . . . . . . 31 . . . . . Total Orders . | . . . . . . . . . . . . . . Ally Attacks 6 | . . . . . . . . 6 . . . . . Total Damage 63 | . . . . . . . . 63 . . . . . Kills 1 | . . . . . . . . 1 . . . . . Allies Corrupted . | . . . . . . . . . . . . . . Allies Melted . | . . . . . . . . . . . . . . Intel | -11 -10 -9 -9 -9 -8 -8 -7 -7 -6 -6 -6 -5 -5 ------- Run | Yrd Mat Mat Min Exi Min Mat Fac Gar Fac Low Low Fac Gar Robot Analysis Total 1 | . . . . . . 1 . . . . . . . Derelict Logs Recovered 2 | . . . . . . . . . . 2 . . . Drone Launches . | . . . . . . . . . . . . . . Drone Recoveries . | . . . . . . . . . . . . . . Exploration | -11 -10 -9 -9 -9 -8 -8 -7 -7 -6 -6 -6 -5 -5 ------------- Run | Yrd Mat Mat Min Exi Min Mat Fac Gar Fac Low Low Fac Gar Turns Passed 7210 | 126 220 1595 256 380 196 1689 1416 390 189 293 34 262 164 Spaces Moved 7225 | 89 196 1055 226 356 133 1182 1963 470 422 631 95 308 99 Core 19 | 8 . . . . . . 4 . 3 . . 4 . Treads . | . . . . . . . . . . . . . . Legs . | . . . . . . . . . . . . . . Wheels 3706 | 81 196 1055 226 356 133 1182 477 . . . . . . Hover 3341 | . . . . . . . 1482 470 419 631 95 244 . Flight 159 | . . . . . . . . . . . . 60 99 Fastest Speed 29 | 50 80 90 105 105 105 105 32 32 32 32 32 29 29 Average Speed 68 | 78 85 100 105 105 105 105 50 32 34 32 32 44 29 Slowest Speed 500 | 95 100 105 105 105 105 105 450 116 450 32 32 500 109 Overloaded Moves . | . . . . . . . . . . . . . . Propulsion Burnouts . | . . . . . . . . . . . . . . Robots Hopped . | . . . . . . . . . . . . . . Cave-ins Triggered . | . . . . . . . . . . . . . . Exploration Rate (%) 40 | 3 43 87 40 64 31 84 42 51 10 82 10 11 14 Regions Visited 13 Branch Regions 5 Pre-discovered Areas 1 | . . . . . . . . . . 1 . . . Known Exits Taken 5 | . . 1 1 . 1 . 1 . . . . 1 . Unknown Exits Taken 7 | 1 1 . . 1 . 1 . . 1 1 1 . . Scrap Searched 6 | . . . . . 2 . . . . 4 . . . Spaces Dug 9 | . . . . . 9 . . . . . . . . Terrain Destroyed 156 | 13 3 15 . . 19 103 . . . . . 1 2 Melee . | . . . . . . . . . . . . . . Projectile 3 | . . . . . . . . . . . . 1 2 AOE 153 | 13 3 15 . . 19 103 . . . . . . . Terrain Rammed . | . . . . . . . . . . . . . . Walls Destroyed . | . . . . . . . . . . . . . . Machines Disabled . | . . . . . . . . . . . . . . Actions | -11 -10 -9 -9 -9 -8 -8 -7 -7 -6 -6 -6 -5 -5 --------- Run | Yrd Mat Mat Min Exi Min Mat Fac Gar Fac Low Low Fac Gar Total 8704 | 134 232 1339 232 359 163 1439 2294 650 464 702 96 399 201 Wait 500 | 8 . 26 . . 6 66 167 113 31 57 . 14 12 Move 7212 | 88 195 1054 225 355 132 1181 1962 468 421 630 94 308 99 Hop . | . . . . . . . . . . . . . . Pick Up 156 | 12 9 43 . . 3 27 35 . 6 2 . 16 3 Fast Attach 32 | 5 . 10 . . . 5 11 . . . . 1 . Attach 37 | 2 . 3 . . 1 9 10 1 3 . . 7 1 Detach 6 | . . . . . . 1 . . . . . 5 . Swap 100 | 2 5 26 1 3 4 20 17 2 1 3 2 11 3 Drop 159 | 4 10 46 . . 2 30 45 . 2 2 . 11 7 Fire 409 | 13 13 131 6 1 15 100 47 27 . 8 . 26 22 Melee . | . . . . . . . . . . . . . . Ram . | . . . . . . . . . . . . . . Kick . | . . . . . . . . . . . . . . Crush . | . . . . . . . . . . . . . . Escape Stasis 93 | . . . . . . . . 39 . . . . 54 Rewire . | . . . . . . . . . . . . . . Trap . | . . . . . . . . . . . . . . Miscellaneous . | . . . . . . . . . . . . . . Route ------- -11/Scrapyard -10/Materials (discovered 3 exits: *Mat x2 / [*Min]) -9/Materials (discovered 4 exits: *Mat x2 / *Min / [*Sto]) -9/Mines (discovered 3 exits: *Mat / *Exi / [*Zio]) -9/Exiles (discovered 2 exits: [*Min x2]) -8/Mines -8/Materials (discovered 3 exits: *Fac x3) -7/Factory (discovered 4 exits: *Fac x2 / [*Low] / Gar) -7/Garrison (discovered 2 exits: *Fac x2) -6/Factory -6/Lower Caves -6/Lower Caves -5/Factory (discovered 2 exits: Upp / Gar) -5/Garrison History --------- Turn | Location | Event 15 | -11/Scrapyard | Discovered new exit (range 15) 127 | -11/Scrapyard | Entered Materials 240 | -10/Materials | Discovered new exit (range 5) 297 | -10/Materials | Discovered new exit (range 6) 311 | -10/Materials | Build established: Mutant 322 | -10/Materials | Discovered new exit (range 13) 347 | -10/Materials | Entered another Materials area 347 | -9/Materials | Evolved 2 slots: Propulsion x1, Utility x1 957 | -9/Materials | Discovered new exit (range 5) 980 | -9/Materials | Identified exit to Materials 1117 | -9/Materials | Repaired Shield Generator? 1717 | -9/Materials | Discovered new exit (range 7) 1736 | -9/Materials | Discovered exit to Materials (range 8) 1836 | -9/Materials | Discovered new exit (range 16) 1942 | -9/Materials | Identified exit to Mines 1942 | -9/Materials | Entered Mines 1946 | -9/Mines | Met a Derelict bent on vengeance 1957 | -9/Mines | Deemed a non-threat by the Exiles lab entrance 1957 | -9/Mines | Discovered new exit (range 5) 1960 | -9/Mines | Identified exit to Exiles 2042 | -9/Mines | Discovered exit to Materials (range 9) 2095 | -9/Mines | A Derelict revealed a hidden shortcut to a safe place 2198 | -9/Mines | Entered Exiles 2198 | -9/Exiles | Found Exiles lab abandoned 2212 | -9/Exiles | Discovered new exit (range 15) 2568 | -9/Exiles | Discovered new exit (range 10) 2578 | -9/Exiles | Entered Mines 2721 | -8/Mines | Discovered exit to Materials (range 7) 2774 | -8/Mines | Entered Materials 2774 | -8/Materials | Evolved 2 slots: Utility x1, Weapon x1 3025 | -8/Materials | Discovered new exit (range 11) 3082 | -8/Materials | Build established: Tank 3229 | -8/Materials | Discovered new exit (range 8) 3791 | -8/Materials | Destroyed 14 combat bots 3894 | -8/Materials | Discovered new exit (range 12) 4463 | -8/Materials | Entered Factory 4463 | -7/Factory | Evolved 2 slots: Utility x2 4597 | -7/Factory | Repaired Cld. Ion Engine 4614 | -7/Factory | Repaired Arm. Wheel? 4680 | -7/Factory | Discovered new exit (range 4) 4799 | -7/Factory | Identified exit to Garrison 4820 | -7/Factory | Garrison activated, responded to threat 5338 | -7/Factory | Discovered new exit (range 15) 5351 | -7/Factory | Build established: Sprinter 5389 | -7/Factory | Discovered new exit (range 16) 5722 | -7/Factory | Repaired Linear Gravjet 5749 | -7/Factory | Repaired Cld. Ion Engine 5879 | -7/Factory | Entered Garrison 5902 | -7/Garrison | Triggered checkpoint 6056 | -7/Garrison | Triggered checkpoint 6067 | -7/Garrison | Rescued a captive Derelict 6122 | -7/Garrison | Discovered new exit (range 10) 6137 | -7/Garrison | Garrison Relay disabled 6147 | -7/Garrison | Attempted to access garrison exit controls, blocked by remote lockdown 6218 | -7/Garrison | Triggered checkpoint 6238 | -7/Garrison | Garrison Relay disabled 6265 | -7/Garrison | Discovered new exit (range 14) 6269 | -7/Garrison | Entered Factory 6269 | -6/Factory | Evolved 2 slots: Utility x2 6320 | -6/Factory | Discovered new exit (range 14) 6458 | -6/Factory | Entered Lower Caves 6464 | -6/Lower Caves | Met a Warlord Commander 6465 | -6/Lower Caves | Learned location of Warlord (-4) 6466 | -6/Lower Caves | Warlord Commander delivered Encrypted Comm Array 6467 | -6/Lower Caves | Found Encrypted Comm Array 6630 | -6/Lower Caves | Learned Factory interactive machine intel 6709 | -6/Lower Caves | Discovered new exit (range 9) 6751 | -6/Lower Caves | Entered another Lower Caves area 6765 | -6/Lower Caves | Discovered new exit (range 11) 6785 | -6/Lower Caves | Entered Factory 6785 | -5/Factory | Evolved 2 slots: Utility x2 6786 | -5/Factory | Identified exit to Upper Caves 6787 | -5/Factory | Loaded intel: 52 interactive machine locations 7047 | -5/Factory | Identified exit to Garrison 7047 | -5/Factory | Entered Garrison 7082 | -5/Garrison | Triggered checkpoint 7084 | -5/Garrison | Garrison Relay disabled 7131 | -5/Garrison | Spotted B-75 Beast 7162 | -5/Garrison | Destroyed B-75 Beast 7211 | -5/Garrison | Self-destructed Last Messages --------------- 07176_ Slug penetrates G-50 Soldier. 07178_ Hvy. Laser melted. 07178_ G-50 Soldier destroyed. 07178_ Slug penetrates Wall. 07181_ Acquired 52 matter. 07182_ Acquired 69 matter. 07182_ Acquired 72 matter. 07183_ Acquired Plasma Rifle. 07185_ Acquired 12 matter. 07187_ Slug penetrates G-50 Soldier. 07195_ G-50 Soldier destroyed. 07198_ Acquired 32 matter. Garrison Door activated. 07199_ Slug penetrates Wall. 07208_ Slug penetrates C-35 Carver. 07208_ C-35 Carver destroyed. 07208_ Destroyed Imp. Reaction Control System. 07208_ Gatling Laser destroyed. 07210_ Cld. Cesium-ion Thruster destroyed. 07211_ Coil Gun severed. Map ----- +----------------------------------------------------+ | ?????????????????????????????????????????????????? | | ?????????????????????????????????????????????????? | | ?????????????????????????????????????????????????? | | ?????????????????????????????????????????????????? | | ?????????????????????????????????????????????????? | | ?????????????????????????????????????????????????? | | ?????????????????????????????????????????????????? | | ??????????????????????????????????#####??????????? | | ?????????????????????????????????# ?? ??????? | | ????????????????????????????????? ?? ????? | | ????????????????????????????????? ?? ?????? | | ?????????????????????????????????# #? #?????? | | ????????????????????????????????## ## #?? ?? | | ???????????????????????????????? ? ?? | | ???????????????????????????????? ?? | | ????????????????????????????????? ? ??? | | ????????????????????????????????? ?? ????? | | ?????????????????????????????????# #?? #?????? | | ???????????????????????########### ## ## #? | | ???????????????????????#**%!= #? | | ???????????????????????# !]=! + | | ???????????????????????#=c######## % #? | | ???????????????????????# !#??????##+### ## #? | | ???????????????????????#[s#???????? #????? #?????? | | ???????????????????????#sc#?????????#????????????? | | ???????????????????????#[@#??????????????????????? | | ???????????????????????#=]c ?????????????????????? | | ???????????????????????# [###????????????????????? | | ???????????????????????# #??????????????????????? | | ???????????????????????# #??????????????????????? | | ???????????????????????# #??????????????????????? | | ??????????????##########^ #??????????????????????? | | ??????????????# ! ^#??????????????????????? | | ??????????????# != ^^#??????????????????????? | | ??????????????# !=##### ###??????????????????????? | | ??????????????# #???# #????????????????????????? | | ??????????????#####???# #???????????####?????????? | | ??????????????????????# #??????????" ""#?????????? | | ??????????????????????# ###########!!!##?????????? | | ??????????????????????# ! #?????????? | | ??????????????????????####### ########?????????? | | ????????????????????????????# #????????????????? | | ????????????????????????????#####????????????????? | | ?????????????????????????????????????????????????? | | ?????????????????????????????????????????????????? | | ?????????????????????????????????????????????????? | | ?????????????????????????????????????????????????? | | ?????????????????????????????????????????????????? | | ?????????????????????????????????????????????????? | | ?????????????????????????????????????????????????? | +----------------------------------------------------+ Best States ------------- Heat Dissipation 50 Coolant Potential 50 Energy Generation 23 Energy Capacity 280 Matter Stores 300 Matter Capacity 300 Sight Range 16 Terrain Scan Range 16 Terrain Scan Density 10 Additional Mass Support 9 Armor Coverage 450 Resistance: TH 10 Power Shielding 33 Weapon Cycling 20 Evasion (%) 67 Targeting Accuracy 24 Core Analysis 9 Kinecelleration 30 Offensive Hacking 30 Defensive Hacking 10 Item Schematics ----------------- Imp. EM Shotgun | -9/Materials | Scanalyzed Cld. Ion Engine | -8/Materials | Scanalyzed Adv. Targeting Computer | -8/Materials | Scanalyzed Robot Schematics ------------------ None Fabricated ------------ Nothing Alien Tech Used ----------------- None Achievements -------------- Dramatic Entrance Quick And Dirty Challenges ------------ None Game ------ Seed SuperchargedNodeVibroblade Manual? 0 Play Time 06:26:55 Cumulative 25.6 hours Start 2024.04.02 @ 02:40:48 End 2024.04.02 @ 16:58:08 Sessions 5 Manual Loads 0 Difficulty Rogue Special Mode None Game No. 8 Rogue 7 Adventurer 1 Explorer 0 Win Type - Total 0 Types 0/0/0/0/0/0/0/0/0 Lore% 14 Gallery% 18 Achievement% 15 Wizard Run 0 Options --------- Layout 0 ASCII 0 Keyboard 0 Movement Mouse Keybinds 0 Fullscreen 1 Font 18/Smallcaps Map View 76x50 Zoom Use 0% Tactical HUD 1 Map Filters NONE Filters NONE Steam 1 RUN: 87022464-8947-4d84-a8b1-7f7f65f7adc9